cohdb
Replays
Latest Replays
All Replays
Popular Replays
Top Player Replays
Match Explorer
How It Works
Community
CoH3 Stats
Reddit
Sign in to upload your games and track your stats! →
Sign in with Steam
Match 43930192
Unlisted
Match 43930192
Overview
Messages
Build Orders
End
Royal Engineer Section
Construct Section Command Post
Infantry Section
Selects Canadian Shock Battlegroup
Infantry Section
Selects Attacking Spirit
Selects Canadian Shock Section
Canadian Shock Section
Construct Platoon Command Post
Humber Armored Car
Construct Field Infirmary
6-pounder Anti-tank Gun Team
Selects Incendiary Munitions
Selects Pyrotechnics
Grenade Package
6-pounder Anti-tank Gun Team
Royal Engineer Section
Canadian Shock Section
Infantry Training
Selects Churchill Crocodile Heavy Tank
Churchill Crocodile Heavy Tank
Royal Engineer Section
Selects Smoke Operation
Smoke Operation
Construct Company Command Post
Crusader II Medium Tank
Smoke Operation
Crusader II Medium Tank
Crusader II Medium Tank
Crusader II Medium Tank
Crusader II Medium Tank
Crusader II Medium Tank
desertBeliever
Willaguy
0
0
Comments
sign in to comment!
No comments posted yet!